 Dungeon Crawl Stone Soup version 0.21-a0-201-g8501b10 (webtiles) character file.

25597 guildenstern the Brawler (level 12, 0/126 HPs)
             Began as a Troll Fighter on Aug 18, 2017.
             Was the Champion of Okawaru.
             Slain by a nine-headed hydra (10 damage)
             ... on level 2 of the Lair of Beasts.
             The game lasted 00:28:29 (15177 turns).

guildenstern the Brawler (Troll Fighter)           Turns: 15177, Time: 00:28:29

Health: 0/126      AC:  7    Str: 36    XL:     12   Next: 90%
Magic:  13/15      EV: 13    Int:  6    God:    Okawaru [******]
Gold:   1123       SH: 13    Dex:  9    Spells: 10/11 levels left

rFire    + . .     SeeInvis .     - Unarmed
rCold    + + .     Gourm    +   b - +0 shield
rNeg     + + .     Faith    .   z - +2 robe {rF+}
rPois    .         Spirit   .   (helmet restricted)
rElec    .         Reflect  .   (no cloak)
rCorr    .         Harm     .   (gloves unavailable)
MR       +....                  (boots unavailable)
Stlth    +++.......             G - amulet of regeneration
HPRegen  1.11/turn              U - ring "Zutzeupt" {rN++ MR+}
MPRegen  0.14/turn              e - ring of protection from cold

@: mighty, heroism, very slightly contaminated, hasted, invisible, very quick
A: unfitting armour, claws 3, clever 1, cold resistance 1, fast metabolism 3,
gourmand, regeneration 1, shaggy fur 1, tough skin 2
a: Heroism, Finesse, Renounce Religion


You were on level 2 of the Lair of Beasts.
You worshipped Okawaru.
Okawaru was exalted by your worship.
You were very full.

You visited 2 branches of the dungeon, and saw 13 of its levels.
You also visited: Ossuary, Bailey and Ice Cave.

You collected 1123 gold pieces.

Inventory:

Hand Weapons
 q - the +8 hunting sling of the Lettuce {venom, *Slow rElec rPois Dex+7}
   (Okawaru gifted it to you on level 8 of the Dungeon)

   It poisons the ammo it fires.
   It affects your dexterity (+7).
   It insulates you from electricity.
   It protects you from poison.
   It may slow you when you take damage.
 W - a +1 longbow of freezing
Missiles
 Q - 26 sling bullets
 V - 7 throwing nets (quivered)
Armour
 b - a +0 shield (worn)
 z - a +2 robe of fire resistance (worn)
Jewellery
 e - a ring of protection from cold (right claw)
 k - an uncursed ring of resist corrosion
 v - a +2 ring of intelligence
 G - an amulet of regeneration (around neck)
 U - the ring "Zutzeupt" (left claw) {rN++ MR+}
   (You found it on level 9 of the Dungeon)

   [ring of protection from magic]

   It greatly protects you from negative energy.
   It affects your resistance to hostile enchantments.
 X - an uncursed ring of ice
Wands
 h - a wand of iceblast (13/15)
 F - a wand of lightning (5/15)
 H - a wand of digging (13/24)
 I - a wand of disintegration (7/24)
 L - a wand of flame (17/48)
 M - a wand of clouds (7/9)
 N - a wand of acid (7/15)
 O - a wand of polymorph (12/24)
 P - a wand of iceblast (5/15)
 T - a wand of polymorph (18/24)
Scrolls
 g - a scroll of noise
 l - 8 scrolls of remove curse
 m - 2 scrolls of fog
 s - 3 scrolls of enchant weapon
 w - a scroll of enchant armour
 x - 2 scrolls of recharging
 y - a scroll of summoning
 A - 5 scrolls of vulnerability
 R - a scroll of amnesia
 S - a scroll of magic mapping
Potions
 c - 2 potions of might
 i - 3 potions of mutation
 t - a potion of cancellation
 B - a potion of lignification
 E - a potion of flight
 J - a potion of brilliance
Miscellaneous
 Z - a sack of spiders
Comestibles
 d - 7 bread rations
 f - 9 meat rations
 n - 7 fruits
 p - 6 royal jellies


   Skills:
 + Level 9.7(14.7) Fighting
 - Level 2.4(7.4) Dodging
 - Level 7.6(12.6) Shields
 * Level 15.1(20.1) Unarmed Combat
 + Level 6.0 Invocations


You had 10 spell levels left.
You knew the following spells:

 Your Spells              Type           Power        Failure   Level  Hunger
a - Beastly Appendage     Tmut           #.....       45%         1    ##.....


Dungeon Overview and Level Annotations

Branches:
Dungeon (11/15)            Temple (0/1) D:7            Lair (2/6) D:9
    Orc (0/2) D:9
  Swamp: Lair:2-4    Shoals: Lair:2-4     Snake: Lair:2-4    Spider: Lair:2-4

Altars:
Hepliaklqana
Nemelex Xobeh
Okawaru
Qazlal
Sif Muna
Vehumet
Xom
The Shining One
Beogh

Shops:
D:6 (   D:9 }


Innate Abilities, Weirdness & Mutations

You are too large for most types of armour.
You have claws for hands.
Your metabolism is lightning-fast.
You like to eat raw meat.
Your natural rate of healing is unusually fast.
You are covered in fur. (AC +1)
You have very tough skin. (AC +2)
Your mind is acute. (Int +2)
Your flesh is cold resistant. (rC+)


Message History

The eight-headed hydra bites you!
Unknown command.
You feel very mighty all of a sudden.
Unknown command.
You catch the helpless eight-headed hydra completely off-guard!
You rip one of the eight-headed hydra's heads off!
The seven-headed hydra grows two more!
You eviscerate the nine-headed hydra!!!
The nine-headed hydra is severely wounded.
You block the nine-headed hydra's attack. x2
The nine-headed hydra bites you!
* * * LOW HITPOINT WARNING * * *
The nine-headed hydra bites you.
* * * LOW HITPOINT WARNING * * *
The nine-headed hydra bites you!
* * * LOW HITPOINT WARNING * * *
The nine-headed hydra barely misses you.
The nine-headed hydra misses you. The nine-headed hydra bites you.
* * * LOW HITPOINT WARNING * * *
The nine-headed hydra bites you!
You die...

..##......................#
####......................#
# #...................#.##
...................#
...............#...#
..............#....##
..............###...#
##.......D...####..##
#.........@..#.##...#
...................##
...................###
#P.###....#.###.##...# ##
###.#### ######.# ### ###


You could see a nine-headed hydra.

Vanquished Creatures
  A frost giant (IceCv)
  5 two-headed ogres
  Nergalle (D:10)
  An unseen horror (D:10)
  Pikel (D:6)
  The ghost of yeeeeaahhh the Ruffian, a novice TrFi (D:5)
  An ice statue (IceCv)
  An ugly thing (D:11)
  3 black mambas
  4 spiny frogs
  2 komodo dragons (Lair:1)
  2 trolls (D:10)
  15 polar bears
  5 blink frogs (Lair:2)
  The ghost of Bagpuss the Slasher, an amateur OpFi of Makhleb (D:7)
  Grinder (D:6)
  A hippogriff (D:9)
  19 yaks (IceCv)
  A hungry ghost (D:7)
  Grum (D:8)
  2 water moccasins
  2 porcupines
  4 ice beasts
  8 orc warriors
  A sky beast (D:10)
  A phantom (D:11)
  A necrophage (D:5)
  5 ogres
  4 centaurs
  16 wolves
  A big kobold (D:5)
  An elf zombie (Ossuary)
  4 crocodiles
  The ghost of mrbenn the Magician, an amateur DEWz (D:3)
  5 bullfrogs
  8 gnoll sergeants (Bailey)
  A wyvern skeleton (D:6)
  3 scorpions
  4 killer bees (D:8)
  A wight (D:8)
  A crimson imp (D:5)
  5 centaur zombies
  2 human zombies (Ossuary)
  10 orc priests
  15 orc wizards
  A bullfrog skeleton (D:9)
  8 hounds
  6 gnoll shamans (Bailey)
  Terence (D:2)
  6 iguanas
  5 worker ants
  3 mummies
  A hound skeleton (D:6)
  18 gnolls
  13 adders
  3 shadow imps
  An ooze (D:4)
  2 adder zombies (Ossuary)
  An adder skeleton (D:9)
  3 worms
  A dart slug (D:1)
  3 leopard geckos
  58 orcs
  6 bats
  7 giant cockroaches
  5 goblins
  7 hobgoblins
  6 jackals
  3 quokkas
  4 ball pythons
  7 frilled lizards
  7 hobgoblin zombies (Ossuary)
  A jackal skeleton (D:11)
  A jackal zombie (Ossuary)
  18 kobolds
  8 kobold zombies
  A leopard gecko skeleton (D:4)
  14 orc zombies
  A quokka skeleton (D:4)
  A quokka zombie (D:6)
  8 rats
  2 rat zombies (Ossuary)
414 creatures vanquished.

Vanquished Creatures (collateral kills)
  A yak (IceCv)
1 creature vanquished.

Vanquished Creatures (others)
  2 yaks (IceCv)
  A wolf (IceCv)
  A hobgoblin (D:3)
  A plant (Lair:1)
5 creatures vanquished.

Grand Total: 420 creatures vanquished

Notes
Turn   | Place    | Note
-------+----------+-------------------------------------------
     0 | D:1      | guildenstern the Troll Fighter began the quest for the Orb.
     0 | D:1      | Reached XP level 1. HP: 22/22 MP: 0/0
   289 | D:1      | Reached XP level 2. HP: 25/29 MP: 1/1
  1236 | D:2      | Reached XP level 3. HP: 36/36 MP: 2/2
  1261 | D:2      | Noticed Terence
  1271 | D:2      | Killed Terence
  1271 | D:2      | Reached skill level 3 in Unarmed Combat
  1531 | D:2      | Reached XP level 4. HP: 41/45 MP: 3/3
  1838 | D:3      | Noticed mrbenn's ghost (amateur DEWz)
  1869 | D:3      | Killed mrbenn's ghost
  1869 | D:3      | Reached skill level 4 in Unarmed Combat
  1869 | D:3      | Reached XP level 5. HP: 16/53 MP: 4/4
  1870 | D:3      | Gained mutation: Your flesh is cold resistant. (rC+) [potion of mutation]
  1870 | D:3      | Gained mutation: Your mind is acute. (Int +2) [potion of mutation]
  1932 | D:3      | Found an iron altar of Okawaru.
  1943 | D:3      | Became a worshipper of Warmaster Okawaru
  2776 | D:4      | Found a glowing golden altar of the Shining One.
  2955 | D:4      | Noticed an ogre
  2959 | D:4      | Killed an ogre
  2959 | D:4      | Reached XP level 6. HP: 62/62 MP: 5/5
  3127 | D:4      | Reached * piety under Okawaru
  3127 | D:4      | Reached skill level 5 in Unarmed Combat
  3433 | D:5      | Entered Level 5 of the Dungeon
  3465 | D:5      | Noticed yeeeeaahhh's ghost (novice TrFi)
  3471 | D:5      | Reached XP level 7. HP: 36/70 MP: 3/6
  3478 | D:5      | Killed yeeeeaahhh's ghost
  3478 | D:5      | Reached skill level 6 in Unarmed Combat
  3818 | D:5      | Reached XP level 8. HP: 58/79 MP: 7/7
  3886 | D:5      | Reached skill level 7 in Unarmed Combat
  4134 | D:5      | Found a sand-covered staircase.
  4138 | D:5      | Reached ** piety under Okawaru
  4142 | Ossuary  | Entered an ossuary
  4348 | Ossuary  | Reached skill level 5 in Fighting
  4417 | Ossuary  | Reached skill level 8 in Unarmed Combat
  4616 | D:5      | Reached skill level 5 in Shields
  5316 | D:6      | Reached XP level 9. HP: 69/87 MP: 8/8
  5334 | D:6      | Reached *** piety under Okawaru
  5374 | D:6      | Found Geot Aptiy's Weapon Boutique.
  5642 | D:6      | Reached skill level 9 in Unarmed Combat
  5703 | D:6      | Noticed Grinder
  5703 | D:6      | Noticed Pikel
  5723 | D:6      | Killed Pikel
  5736 | D:6      | Killed Grinder
  5859 | D:7      | Found a hazy altar of Hepliaklqana.
  5973 | D:7      | Noticed Bagpuss's ghost (amateur OpFi)
  5978 | D:7      | Killed Bagpuss's ghost
  5978 | D:7      | Reached skill level 10 in Unarmed Combat
  6055 | D:7      | Reached **** piety under Okawaru
  6356 | D:7      | Found a staircase to the Ecumenical Temple.
  7109 | D:8      | Reached XP level 10. HP: 89/99 MP: 9/9
  7598 | D:8      | Learned a level 1 spell: Beastly Appendage
  7841 | D:8      | Noticed Grum
  7855 | D:8      | HP: 7/150 [wolf[Grum] (2)]
  7861 | D:8      | Killed Grum
  8165 | D:8      | Noticed a two-headed ogre
  8173 | D:8      | Killed a two-headed ogre
  8278 | D:8      | Found a deep blue altar of Sif Muna.
  8278 | D:8      | Noticed a two-headed ogre
  8283 | D:8      | Killed a two-headed ogre
  8283 | D:8      | Reached ***** piety under Okawaru
  8283 | D:8      | Received a gift from Okawaru
  8283 | D:8      | Reached skill level 11 in Unarmed Combat
  8286 | D:8      | Got a pitted hunting sling {god gift}
  8320 | D:8      | Identified the +8 hunting sling of the Lettuce {venom, *Slow rElec rPois Dex+7} (Okawaru gifted it to you on level 8 of the Dungeon)
  8516 | D:9      | Found a sparkling altar of Nemelex Xobeh.
  8527 | D:9      | Noticed a two-headed ogre
  8532 | D:9      | Killed a two-headed ogre
  8624 | D:9      | Found Povvy's Gadget Shoppe.
  9009 | D:9      | Found a radiant altar of Vehumet.
  9009 | D:9      | Found a stormy altar of Qazlal.
  9014 | D:9      | Found a shimmering altar of Xom.
  9048 | D:9      | Found a roughly hewn altar of Beogh.
  9048 | D:9      | Found a staircase to the Orcish Mines.
  9092 | D:9      | Reached skill level 12 in Unarmed Combat
  9098 | D:9      | Reached XP level 11. HP: 65/109 MP: 8/10
  9128 | D:9      | Got a sparkling tin ring
  9130 | D:9      | Identified the ring "Zutzeupt" {rN++ MR+} (You found it on level 9 of the Dungeon)
  9190 | D:9      | Found a staircase to the Lair.
  9287 | D:10     | Entered Level 10 of the Dungeon
  9370 | D:10     | Found a flagged portal.
  9377 | Bailey   | Entered a bailey
 10833 | D:10     | Noticed a two-headed ogre
 10837 | D:10     | Killed a two-headed ogre
 10837 | D:10     | Reached skill level 1 in Invocations
 10857 | D:10     | Noticed Nergalle
 10874 | D:10     | Killed Nergalle
 11271 | D:11     | Noticed a two-headed ogre
 11278 | D:11     | Killed a two-headed ogre
 11281 | D:11     | Reached skill level 13 in Unarmed Combat
 11330 | D:10     | HP: 3/111 [something (10)]
 11755 | D:11     | Noticed a white ugly thing
 11763 | D:11     | Killed a white ugly thing
 12174 | D:11     | Received a gift from Okawaru
 12177 | D:11     | Got a colourful robe {god gift}
 12188 | D:11     | Identified the +0 robe of Impatience {Str+2 Dex+4} (Okawaru gifted it to you on level 11 of the Dungeon)
 12556 | D:10     | Killed an unseen horror
 12604 | Lair:1   | Entered Level 1 of the Lair of Beasts
 12710 | Lair:1   | Found a frozen archway.
 12723 | IceCv    | Entered an ice cave
 13354 | IceCv    | Reached XP level 12. HP: 120/122 MP: 10/13
 13492 | IceCv    | Reached skill level 14 in Unarmed Combat
 13831 | IceCv    | Noticed a frost giant
 13853 | IceCv    | Killed a frost giant
 13853 | IceCv    | Reached skill level 5 in Invocations
 13867 | IceCv    | Reached ****** piety under Okawaru
 14355 | Lair:2   | Reached skill level 15 in Unarmed Combat
 15166 | Lair:2   | Noticed an eight-headed hydra
 15177 | Lair:2   | Slain by a nine-headed hydra

Vault maps used:
D:1:      nicolae_arrival_somewhat_less_tricky_arrival
D:2:      first_bread, uniq_terence
D:3:      okawaru_trees_1
D:4:      tso_altar
D:5:      cheibrodos_thug_alley, nicolae_ossuary_entry_giza
D:6:      serial_shops, shop, uniq_pikel, uniq_grinder
D:7:      old_standard_altar, minmay_temple_entry_nine_rooms,
          minmay_misc_feat_x, grunt_ogre_cave
D:8:      kennysheep_little_box, nicolae_overflow_hidden_temple, uniq_grum
D:9:      minitemple, lair_entry_dummy, david_orc_5, basic_altar, serial_shops,
          shop_statue, minmay_misc_feat_columns
D:10:     enter_bailey_2, minivault_19, kennysheep_generic_room_15,
          uniq_nergalle
D:11:     serial_glass, glass_columns_c, glass_columns_a
Lair:1:   portal_ice_cave_entry_pillars_2
Lair:2:   minmay_swamp_entry_worms, spider_nest_entry_a
Ossuary:  ossuary_tomb_1
Bailey:   bailey_polearm_gnolls_kennysheep, bailey
IceCv:    ice_cave_caverns_02

Skill      XL: |  1  2  3  4  5  6  7  8  9 10 11 12 |
---------------+-------------------------------------+-----
Unarmed Combat | 3 4 5 6 8 10 12 13 15 | 15.1
Fighting       | 3 4 5 6 7 8 9 |  9.7
Shields        | 3 4 5 6 7 |  7.6
Invocations    | 3 6 |  6.0
Dodging        | |  2.4

Action                   |  1- 3 |  4- 6 |  7- 9 | 10-12 || total
-------------------------+-------+-------+-------+-------++-------
Melee: Unarmed           |    96 |   163 |   389 |   585 ||  1233
 Fire: Hunting sling     |       |       |       |    31 ||    31
Throw: Throwing net      |       |       |       |     2 ||     2
 Cast: Beastly Appendage |       |       |       |     1 ||     1
Invok: Heroism           |       |     2 |     4 |    24 ||    30
  Use: Scroll            |     1 |     1 |    10 |    15 ||    27
       Potion            |       |     3 |       |    29 ||    32
 Stab: Sleeping          |     1 |     1 |       |       ||     2
       Distracted        |       |       |     1 |     1 ||     2
       Invisible         |       |       |       |    13 ||    13
  Eat: Chunk             |    16 |    19 |    29 |    50 ||   114
       Bread ration      |       |       |     1 |     5 ||     6
       Meat ration       |       |       |       |     1 ||     1
Armor: Robe              |    25 |    40 |    60 |    78 ||   203
       Skin              |       |       |       |     2 ||     2
Dodge: Dodged            |    24 |    47 |    95 |   222 ||   388
Block: Shield            |    39 |    64 |   162 |   344 ||   609
